 Dungeon Crawl Stone Soup version 0.29.1-15-g9cfb28693d (webtiles) character file.

Game seed: 2015260364947286789

2496 joshua the Grappler (level 9, -8/120 HPs)
             Began as a Troll Berserker on Mar 24, 2023.
             Was an Elder of Trog.
             Mangled by an orc warlord
             ... wielding a +5 broad axe
              (24 damage)
             ... in a bailey.
             The game lasted 00:25:00 (4997 turns).

joshua the Grappler (Troll Berserker)               Turns: 4997, Time: 00:25:01

Health: -8/120     AC: 13    Str: 31    XL:     9   Next: 28%
Magic:  8/8        EV: 10    Int:  3    God:    Trog [****..]
Gold:   337        SH:  0    Dex:  9    Spells: 8/8 levels left

rFire   . . .      SeeInvis .     - Unarmed
rCold   . . .      Faith    .   (no shield)
rNeg    + . .      Spirit   .   A - +1 robe {rN+}
rPois   .          Reflect  .   (helmet restricted)
rElec   .          Harm     .   (no cloak)
rCorr   .          Rampage  .   (gloves unavailable)
Will    ++...                   (boots unavailable)
Stlth   ..........              (no amulet)
HPRegen 2.10/turn               s - +4 ring of protection
MPRegen 0.11/turn               n - +4 ring of protection

@: berserking, strong-willed, regenerating, very quick
A: large, unfitting armour, claws 3, regeneration 1, shaggy fur 1, tough skin 1
a: Renounce Religion, Berserk, Trog's Hand, Brothers in Arms


You were in a bailey.
You worshipped Trog.
Trog was greatly pleased with you.
You visited 1 branch of the dungeon, and saw 7 of its levels.
You also visited: Bailey.

You collected 337 gold pieces.

Inventory:

Hand Weapons
 h - a +3 war axe
 u - a +1 giant club
 B - a +2 dagger of venom
 D - a +0 battleaxe of freezing
 G - a +5 short sword
 H - a +3 hand axe
 I - a +4 dagger
Missiles
 z - a throwing net (quivered)
Armour
 a - a +0 animal skin
 e - a +0 scale mail
 o - a +0 ring mail
 A - a +1 robe of positive energy (worn)
Jewellery
 k - a ring of willpower
 n - a +4 ring of protection (right claw)
 s - a +4 ring of protection (left claw)
 x - a ring of willpower
 C - a +4 ring of protection
Wands
 y - a wand of paralysis (8)
Scrolls
 b - 4 scrolls of enchant weapon
 l - 2 scrolls of amnesia {unknown}
 m - 2 scrolls of fear {unknown}
 p - a scroll of torment {unknown}
 q - 2 scrolls of blinking {unknown}
 t - 4 scrolls of magic mapping {unknown}
 v - 3 scrolls of brand weapon {unknown}
 w - 2 scrolls of teleportation {unknown}
 E - a scroll of vulnerability {unknown}
Potions
 c - a potion of resistance
 d - 4 potions of heal wounds
 f - a potion of brilliance {unknown}
 g - 2 potions of flight
 i - 4 potions of curing
 j - 3 potions of might
 r - 4 potions of haste
 F - a potion of cancellation
 J - 2 potions of invisibility
 K - a potion of magic {unknown}


   Skills:
 - Level 2.8 Fighting
 - Level 1.1 Armour
 - Level 2.9 Dodging
 * Level 12.4 Unarmed Combat


You had 8 spell levels left.
You didn't know any spells.
Your spell library was empty.

Dungeon Overview and Level Annotations

Branches:
Dungeon (7/15)             Temple (0/1) D:4          Bailey (1/1)

Altars:
Dithmenos
Trog

Shops:
D:1 (   D:2 (   D:7 [

Annotations:
D:7 1 runed translucent door, joshua's ghost, novice MiMo


Innate Abilities, Weirdness & Mutations

You are too large for most types of armour.
You have claws for hands.
Your natural rate of healing is unusually fast.
You are covered in fur. (AC +1)
You have tough skin. (AC +1)


Message History

Moving in this stuff is going to be slow.
The orc warlord hits you with a +5 broad axe!
There is a gate leading back out of this place here.
You mangle the orc warlord!!
The orc warlord is lightly wounded.
You scratch the orc warlord.
The orc warlord is moderately wounded.
The orc warlord hits you with a +5 broad axe!
You completely miss the orc warlord.
The orc warlord is moderately wounded.
The orc warlord barely misses you.
You scratch the orc warlord but do no damage.
You claw the orc warlord, but do no damage.
The orc warlord is moderately wounded.
The orc warlord hits you with a +5 broad axe!
Your skin crawls.
You feel strong-willed.
The orc warlord hits you with a +5 broad axe!
A red film seems to cover your vision as you go berserk!
You feel yourself moving faster!
You feel mighty!
The orc warlord hits you with a +5 broad axe!
You scratch the orc warlord.
The orc warlord is moderately wounded.
You claw the orc warlord!
The orc warlord is heavily wounded.
The orc warlord hits you with a +5 broad axe!!
* * * LOW HITPOINT WARNING * * *
You claw the orc warlord!
The orc warlord is heavily wounded.
You are too berserk!
You mangle the orc warlord!!
The orc warlord is almost dead.
The orc warlord hits you with a +5 broad axe!
* * * LOW HITPOINT WARNING * * *
You scratch the orc warlord but do no damage.
The orc warlord is almost dead.
You claw the orc warlord!
The orc warlord is almost dead.
The orc warlord hits you with a +5 broad axe!!
You die...

#..............())........#
#...8..)...#'''#.()...8...#
##......####~~~####())...##
♣##.)...#~~~~~~~~~#.....##♣
♣.##....#~.8...8.~#....##.♣
♣♣..###'###.......###'###..♣♣
♣...~~~.#~~.8...8.~~#.~~~...♣
♣...~~~.#~.........~#.~~~...♣♣
∩...~~~.#~....@....~#.~~~...∩♣
♣...~~~.##....o....##.~~~...♣♣
♣...~~~.#~..8...8..~#.~~~...♣
♣♣..###'#~.........~#(###..♣♣
♣.##...#~:!8...8?|~#)..##.♣
♣##....##~~#####~~##)...##♣
##......####...####......##
#..........(......(.......#
#..8..8.............8..8..#


You could see an orc warlord.

Vanquished Creatures
  Grinder (D:5)
  Sigmund (D:5)
  Eustachio (D:5)
  A black bear (D:6)
  3 orc warriors
  A sky beast (D:7)
  An ogre (D:4)
  3 phantoms
  A kobold brigand (D:7)
  2 gnoll sergeants
  2 necrophages
  3 scorpions
  5 wights
  A howler monkey (D:5)
  2 hounds
  3 orc priests
  13 gnolls
  3 adders
  2 shadow imps
  2 worms
  2 dart slugs
  16 orcs
  11 endoplasms
  3 giant cockroaches (D:1)
  15 goblins
  7 hobgoblins
  3 jackals (D:2)
  3 quokkas
  11 ball pythons
  4 bats
  2 frilled lizards
  15 kobolds
  7 rats
  9 bushes (D:4)
159 creatures vanquished.

Vanquished Creatures (others)
  7 plants (D:4)
  2 withered plants (D:7)
9 creatures vanquished.

Grand Total: 168 creatures vanquished

Notes
Turn   | Place    | Note
-------+----------+-------------------------------------------
     0 | D:1      | joshua the Troll Berserker began the quest for the Orb.
     0 | D:1      | Reached XP level 1. HP: 22/22 MP: 0/0
   157 | D:1      | Found Venule's Antique Weapon Shop.
   162 | D:1      | Reached XP level 2. HP: 29/29 MP: 1/1
   444 | D:1      | Reached ** piety under Trog
   445 | D:1      | Reached XP level 3. HP: 36/36 MP: 2/2
  1007 | D:2      | Found Acuarr's Weapon Emporium.
  1111 | D:2      | Reached skill level 1 in Armour
  1190 | D:2      | Found a bloodstained altar of Trog.
  1796 | D:3      | Found a shadowy altar of Dithmenos.
  2056 | D:3      | Reached XP level 4. HP: 44/44 MP: 3/3
  2246 | D:3      | Reached skill level 4 in Unarmed Combat
  2346 | D:4      | Found a staircase to the Ecumenical Temple.
  2352 | D:4      | Noticed an orc warrior
  2364 | D:3      | Killed an orc warrior
  2365 | D:3      | Reached skill level 5 in Unarmed Combat
  2365 | D:3      | Reached XP level 5. HP: 52/52 MP: 4/4
  2421 | D:4      | Noticed an ogre
  2435 | D:4      | Killed an ogre
  2444 | D:4      | Reached XP level 6. HP: 59/59 MP: 5/5
  2493 | D:4      | Reached skill level 6 in Unarmed Combat
  2623 | D:4      | Reached skill level 7 in Unarmed Combat
  2623 | D:4      | Reached *** piety under Trog
  2822 | D:4      | Reached XP level 7. HP: 60/66 MP: 6/6
  3530 | D:5      | Entered Level 5 of the Dungeon
  3637 | D:5      | Reached skill level 8 in Unarmed Combat
  3643 | D:5      | Noticed Grinder
  3645 | D:5      | Noticed Sigmund
  3676 | D:5      | Killed Grinder
  3677 | D:5      | Reached skill level 9 in Unarmed Combat
  3684 | D:5      | Killed Sigmund
  3685 | D:5      | Reached XP level 8. HP: 39/74 MP: 7/7
  3880 | D:5      | Noticed Eustachio
  3884 | D:5      | Reached skill level 10 in Unarmed Combat
  3885 | D:5      | Killed Eustachio
  4071 | D:6      | Reached skill level 11 in Unarmed Combat
  4152 | D:6      | You fall into a shaft and drop 1 floor!
  4153 | D:7      | Found a runed translucent door.
  4155 | D:7      | Noticed joshua's ghost (novice MiMo)
  4295 | D:7      | Reached XP level 9. HP: 77/80 MP: 8/8
  4671 | D:7      | Found Ytutz's Armour Boutique.
  4697 | D:7      | Found a flagged portal.
  4709 | D:7      | Reached skill level 12 in Unarmed Combat
  4732 | Bailey   | Entered a bailey
  4743 | Bailey   | Noticed an orc warlord
  4762 | Bailey   | Reached **** piety under Trog
  4832 | Bailey   | Found a runed translucent gate.
  4832 | Bailey   | Found a runed translucent gate.
  4832 | Bailey   | Found a runed translucent gate.
  4997 | Bailey   | Mangled by an orc warlord

Illustrated notes

Levels and vault maps discovered:
D:1:      psy_arrival_conway, layout_basic, serial_shops,
          nicolae_shop_overgrown_old_shop
D:2:      layout_loops_ring, basic_altar, serial_shops,
          nicolae_shop_bloodbath_and_beyond, roderic_serpentine_path,
          kennysheep_flooded_box
D:3:      layout_loops_cross, mainiacjoe_overflow_alcove_4
D:4:      layout_loops_corners, minmay_temple_entry_glass, serial_forest,
          infiniplex_forest_corner_1, infiniplex_forest_clump_C,
          infiniplex_forest_clump_long, infiniplex_forest_lined_room_2,
          infiniplex_forest_clump_C, infiniplex_forest_lined_1,
          infiniplex_forest_clump_large, infiniplex_forest_end_2,
          infiniplex_forest_straight_2
D:5:      layout_basic, uniq_grinder, uniq_eustachio, uniq_sigmund
D:6:      layout_rooms, minmay_between
D:7:      layout_layer_cave, enter_bailey_3, serial_shops, shop_fountains,
          gammafunk_ghost_grave
Bailey:   bailey_axe_bossmonster_kennysheep, bailey

Skill      XL: |  1  2  3  4  5  6  7  8  9 |
---------------+----------------------------+-----
Armour         | 1 |  1.1
Unarmed Combat | 5 7 9 11 12 | 12.4
Fighting       | |  2.8
Dodging        | |  2.9

Action                   |  1- 3 |  4- 6 |  7- 9 || total
-------------------------+-------+-------+-------++-------
Melee: Unarmed           |   140 |    64 |   350 ||   554
       Punch             |     1 |     2 |    24 ||    27
Invok: Berserk           |       |     1 |     2 ||     3
       Trog's Hand       |       |     1 |     2 ||     3
  Use: Scroll            |       |       |     9 ||     9
 Stab: Sleeping          |     1 |       |       ||     1
Armor: Animal skin       |    60 |    21 |    30 ||   111
       Robe              |       |       |    50 ||    50
Dodge: Dodged            |    82 |    26 |    92 ||   200
